AoeStats
← Křovák

Runestones

507269404Analyzed
1v1 RM · 16d ago on Sep 17, 2026· 21m 37s· 2 players
Game mode
Random Map
Map size
Tiny (2 player)
Population
200
Speed
Normal
Resources
Standard
Victory
Conquest
Starting age
Dark Age
Ending age
Imperial Age
RankedLock teamsTeams togetherTeam positionsShared explorationLock speedFull tech treeHidden civsTurbo modeCheats
Victory
Defeat
🇨🇿 Britons · Czechia
852
+16
🇫🇷 Bulgarians · France
847
-16
Escargot
10:33 Feudal Age
12:58 Forging
19:51 Castle Age
18:42 Horse Collar
18:49 Double-Bit Axe
19:43 Scale Barding Armor
20:15 Fletching
Křovák
7:30 Loom
10:15 Feudal Age
13:43 Double-Bit Axe
16:53 Fletching
17:04 Padded Archer Armor
18:25 Horse Collar
22:32 Castle Age
Connection lost

Rejoining the realm…

Still unreachable

The connection could not be restored.

Session expired

The server has moved on; the page needs a fresh start.